 Dungeon Crawl Stone Soup version 0.24-a0-639-gb70a11d811 (webtiles) character file.

Game seed: 11670779563585613022, levelgen mode: deterministic

16308 Eurus the Cleaver (level 12, -1/109 HPs)
             Began as a Naga Venom Mage on Sept 22, 2019.
             Was the Champion of Cheibriados.
             Slain by a gargoyle
             ... wielding a +0 morningstar
              (21 damage)
             ... on level 10 of the Dungeon.
             The game lasted 01:01:30 (15452 turns).

Eurus the Cleaver (Naga Venom Mage)                Turns: 15452, Time: 01:01:30

Health: -1/109     AC: 12    Str: 29    XL:     12   Next: 36%
Magic:  21/21      EV: 12    Int: 35    God:    Cheibriados [******]
Gold:   463        SH:  0    Dex: 26    Spells: 13/23 levels left

rFire    . . .     SeeInvis +   f - +1 war axe
rCold    . . .     Gourm    .   (no shield)
rNeg     + . .     Faith    .   C - +3 leather armour
rPois    +         Spirit   .   (no helmet)
rElec    .         Reflect  .   E - +2 cloak "Paejir" {rN+ Str+2}
rCorr    .         Harm     .   g - +0 pair of gloves
MR       +....                  (no barding)
Stlth    +++.......             i - amulet of the acrobat
HPRegen  0.28/turn              (no ring)
MPRegen  0.17/turn              x - ring of flight

@: very slow
A: large, see invisible, deformed body, poison resistance, slowness 2, slow
metabolism 1, spit poison 1, AC +4
a: Spit Poison, Bend Time, Temporal Distortion, Slouch, Step From Time, Renounce
Religion, Evoke Flight


You were on level 10 of the Dungeon.
You worshipped Cheibriados.
Cheibriados was exalted by your worship.
You were not hungry.

You visited 1 branch of the dungeon, and saw 11 of its levels.
You also visited: Ossuary.

You collected 502 gold pieces.
You spent 39 gold pieces at shops.

Inventory:

Hand Weapons
 f - a +1 war axe (weapon)
 s - a +1 morningstar of holy wrath
Armour
 g - a +0 pair of gloves (worn)
 j - a scarf of repulsion
 q - a scarf of resistance
 t - +0 steam dragon scales
 C - a +3 leather armour (worn)
 E - the +2 cloak "Paejir" (worn) {rN+ Str+2}
   (You found it on level 8 of the Dungeon)

   It affects your strength (+2).
   It protects you from negative energy.
Jewellery
 a - an uncursed ring of fire
 i - an amulet of the acrobat (around neck)
 w - an uncursed amulet of guardian spirit
 x - a ring of flight (right hand)
Wands
 h - a wand of clouds (4)
 n - a wand of disintegration (30)
 o - a wand of polymorph (14)
 F - a wand of flame (19)
 G - a wand of digging (4)
Scrolls
 b - 9 scrolls of identify
 d - 13 scrolls of teleportation
 e - 2 scrolls of immolation
 y - a scroll of amnesia
 A - a scroll of blinking
 B - a scroll of enchant weapon
 D - a scroll of fear {unknown}
 H - 4 scrolls of remove curse
Potions
 m - 2 potions of flight {unknown}
 p - a potion of might
 r - a potion of berserk rage {unknown}
 u - 5 potions of curing {unknown}
 v - a potion of degeneration {unknown}
 z - 3 potions of resistance
Comestibles
 c - 9 rations
 l - 9 chunks of flesh


   Skills:
 + Level 7.0 Fighting
 + Level 11.0 Axes
 - Level 3.0 Dodging
 - Level 3.0 Stealth
 + Level 6.4 Spellcasting
 + Level 7.4 Conjurations
 - Level 2.0 Air Magic
 + Level 10.5 Poison Magic
 + Level 6.9 Invocations


You had 13 spell levels left.
You knew the following spells:

 Your Spells              Type           Power        Failure   Level  Hunger
a - Sting                 Conj/Pois      ####         1%          1    None
b - Poisonous Vapours     Pois/Air       ######       1%          2    None
c - Mephitic Cloud        Conj/Pois/Air  ######..     1%          3    None
d - Olgreb's Toxic Radia  Pois           ######..     1%          4    ##.....

Your spell library contained the following spells:

 Spells                   Type           Power        Failure   Level  Hunger
 Flame Tongue             Conj/Fire      #####        1%          1    None
 Magic Dart               Conj           ####         1%          1    None
 Throw Flame              Conj/Fire      #####.       1%          2    None
 Conjure Flame            Conj/Fire      #####...     2%          3    None
 Dazzling Spray           Conj/Hex       #####.       2%          3    None
 Venom Bolt               Conj/Pois      ######....   2%          5    ####...
 Confusing Touch          Hex            ##....       4%          1    None
 Corona                   Hex            ##.....      4%          1    None
 Blink                    Tloc           N/A          6%          2    None
 Call Imp                 Summ           ##......     6%          2    None
 Ensorcelled Hibernation  Hex/Ice        ##....       6%          2    None
 Slow                     Hex            ##......     6%          2    None
 Sticky Flame             Conj/Fire      #####...     9%          4    ##.....
 Confuse                  Hex            ##......     12%         3    None
 Gell's Gravitas          Tloc           ##........   12%         3    None
 Inner Flame              Hex/Fire       ##......     12%         3    None
 Tukima's Dance           Hex            ##......     12%         3    None
 Fireball                 Conj/Fire      #####.....   24%         5    ####...
 Petrify                  Tmut/Erth      ##......     36%         4    ##.....
 Metabolic Englaciation   Hex/Ice        ##........   73%         5    ####...
 Yara's Violent Unravell  Hex/Tmut       ##........   73%         5    ####...


Dungeon Overview and Level Annotations

Branches:
Dungeon (11/15)            Temple (0/1) D:4            Lair (0/6) D:10
Ossuary (visited)
    Orc: D:9-12

Altars:
Ashenzari
Cheibriados
Dithmenos
Fedhas
Hepliaklqana
Qazlal
Sif Muna
Trog
Wu Jian
Yredelemnul
Zin
The Shining One

Shops:
D:5 !   D:6 *   D:7 *   D:9 ?

Annotations:
D:4 exclusion: wight
D:6 Blork the orc, Grinder
D:7 exclusions: door and 1 more exclusion
D:11 Urug


Innate Abilities, Weirdness & Mutations

You cannot wear boots.
Your serpentine skin is tough. (AC +4)
You have supernaturally acute eyesight. (SInv)
Armour fits poorly on your strangely shaped body.
Your system is resistant to poisons. (rPois)
You cover ground very slowly.
You have a slow metabolism.
You can spit poison.


Message History

The yak barely misses you.
The gargoyle hurls a stone arrow at you.
The stone arrow hits you!
You barely miss the yak.
The yak is almost dead.
You hit the gargoyle. The yak gores you but does no damage.
The gargoyle hurls a stone arrow at you.
The stone arrow hits you!!
* * * LOW HITPOINT WARNING * * *
You barely miss the yak.
The yak is almost dead.
You barely miss the gargoyle. The yak gores you.
* * * LOW HITPOINT WARNING * * *
The gargoyle closely misses you.
You hit the yak but do no damage.
The yak is almost dead.
You slash the gargoyle! The yak gores you!
* * * LOW HITPOINT WARNING * * *
The gargoyle hits you with a +0 morningstar!!
You die...

...#.............##.##......##...
...#...#().....(..#.###.....##...
..###.<>.#...........##.....#....
#.##.....)........#...#.#........
...##.............###...#...##...
............###...#.#............
..#.........###..........##.#....
...##.....................#.#....
....##..........@.............#..
.#..............Y9...........####
.###........##.........#####..# #
.###.....................#....###
<.##......#...................##.
..##..........#.#................
..#...........#...............#..
.##...........................##.
................#................


You could see a yak and a gargoyle.

Vanquished Creatures
  Maurice (D:9)
  A gargoyle (D:9)
  A troll (D:10)
  2 hornets
  Prince Ribbit (D:8)
  2 hippogriffs
  Sigmund (D:3)
  2 wraiths (D:10)
  A wyvern (D:8)
  5 yaks (D:9)
  A hungry ghost (D:7)
  A steam dragon (D:9)
  6 orc warriors
  A black bear (D:10)
  A phantom (D:7)
  An ice beast (D:10)
  A sky beast (D:5)
  3 ogres
  A necrophage (D:9)
  6 centaurs
  A crocodile (D:11)
  5 big kobolds
  4 bullfrogs
  A wyvern skeleton (D:6)
  2 jellies
  11 scorpions
  9 killer bees
  3 wights (D:10)
  2 centaur zombies
  4 human zombies (Ossuary)
  3 bullfrog zombies
  6 hounds
  Crazy Yiuf (D:6)
  A quasit (D:10)
  14 orc priests
  11 orc wizards
  3 bullfrog skeletons
  Jessica (D:3)
  An iguana (D:4)
  Terence (D:2)
  Ijyb (D:5)
  13 worker ants
  2 big kobold zombies (Ossuary)
  A hound zombie (D:7)
  2 hound skeletons
  3 mummies (Ossuary)
  15 gnolls
  6 adders
  A howler monkey skeleton (D:8)
  3 scorpion zombies (Ossuary)
  4 shadow imps
  A worm (D:2)
  3 dart slugs
  5 leopard geckos
  45 orcs
  2 giant cockroaches
  2 gnoll zombies (Ossuary)
  4 goblins
  6 hobgoblins
  14 jackals
  5 quokkas
  A ball python (D:1)
  11 bats
  9 frilled lizards
  A goblin zombie (D:5)
  2 hobgoblin zombies (Ossuary)
  32 kobolds
  2 kobold zombies (Ossuary)
  A leopard gecko skeleton (D:5)
  A leopard gecko zombie (D:5)
  An orc zombie (Ossuary)
  2 quokka zombies (D:5)
  14 rats
338 creatures vanquished.

Vanquished Creatures (others)
  A goblin zombie (Ossuary)
1 creature vanquished.

Grand Total: 339 creatures vanquished

Notes
Turn   | Place    | Note
-------+----------+-------------------------------------------
     0 | D:1      | Eurus the Naga Venom Mage began the quest for the Orb.
     0 | D:1      | Reached XP level 1. HP: 15/15 MP: 3/3
    17 | D:1      | Noticed a minotaur zombie
    17 | D:1      | Noticed a merfolk zombie
    19 | D:1      | Noticed a merfolk zombie
   225 | D:1      | Reached XP level 2. HP: 21/24 MP: 0/5
  1217 | D:2      | Reached XP level 3. HP: 30/30 MP: 1/6
  1246 | D:2      | Noticed Terence
  1309 | D:1      | Learned a level 2 spell: Poisonous Vapours
  1594 | D:2      | Reached skill level 1 in Fighting
  1700 | D:2      | Reached XP level 4. HP: 34/38 MP: 1/7
  2140 | D:2      | Killed Terence
  2886 | D:3      | Found a stormy altar of Qazlal.
  2922 | D:3      | Noticed a bullfrog
  2927 | D:3      | Killed a bullfrog
  2927 | D:3      | Reached XP level 5. HP: 30/44 MP: 5/8
  3352 | D:3      | Reached skill level 1 in Axes
  3352 | D:3      | Reached skill level 5 in Poison Magic
  3352 | D:3      | Reached XP level 6. HP: 52/52 MP: 8/10
  3672 | D:3      | Found a shadowy altar of Dithmenos.
  3672 | D:3      | Noticed Sigmund
  3690 | D:3      | Killed Sigmund
  3705 | D:3      | Reached XP level 7. HP: 50/60 MP: 1/11
  3898 | D:3      | Noticed Jessica
  3900 | D:3      | Killed Jessica
  4292 | D:4      | Found a snail-covered altar of Cheibriados.
  4297 | D:4      | Became a worshipper of Cheibriados the Contemplative
  4444 | D:4      | Found a glowing silver altar of Zin.
  4671 | D:4      | Found a bloodstained altar of Trog.
  4671 | D:4      | Found an ornate altar of the Wu Jian Council.
  4675 | D:4      | Reached skill level 2 in Axes
  4681 | D:4      | Found a blossoming altar of Fedhas.
  4924 | D:4      | Found a staircase to the Ecumenical Temple.
  4954 | D:5      | Entered Level 5 of the Dungeon
  5264 | D:5      | Noticed Ijyb
  5273 | D:5      | Killed Ijyb
  5276 | D:5      | Reached * piety under Cheibriados
  5320 | D:5      | Reached skill level 1 in Invocations
  5335 | D:5      | Found a sand-covered staircase.
  5342 | Ossuary  | Entered an ossuary
  5821 | Ossuary  | Reached XP level 8. HP: 68/69 MP: 10/13
  6415 | Ossuary  | Reached skill level 1 in Air Magic
  6470 | Ossuary  | Reached ** piety under Cheibriados
  6492 | Ossuary  | Reached skill level 3 in Axes
  6868 | D:5      | Found a shattered altar of Ashenzari.
  6894 | D:5      | Found Rammomid's Distillery.
  7127 | D:5      | Found a hazy altar of Hepliaklqana.
  7526 | D:6      | Noticed Blork the orc
  7561 | D:6      | Reached *** piety under Cheibriados
  7648 | D:6      | Reached XP level 9. HP: 48/78 MP: 7/15
  7665 | D:6      | Learned a level 3 spell: Mephitic Cloud
  7670 | D:6      | Learned a level 4 spell: Olgreb's Toxic Radiance
  7738 | D:6      | Reached skill level 5 in Conjurations
  8193 | D:6      | Reached skill level 4 in Axes
  8198 | D:6      | Reached **** piety under Cheibriados
  8461 | D:6      | Found a runed translucent door.
  8462 | D:6      | Noticed Crazy Yiuf
  8474 | D:6      | Killed Crazy Yiuf
  8737 | D:6      | Noticed Grinder
  8783 | D:6      | Found a basalt altar of Yredelemnul.
  8783 | D:6      | Found Curu's Evil Emporium.
  9445 | D:7      | Found Qovoz's Assorted Antiques.
  9473 | D:7      | You fall into a shaft and drop 1 floor!
  9483 | D:8      | Reached skill level 5 in Fighting
 10100 | D:7      | Reached skill level 5 in Axes
 10100 | D:7      | Reached skill level 5 in Invocations
 10165 | D:7      | Reached XP level 10. HP: 88/88 MP: 14/16
 10410 | D:7      | Reached ***** piety under Cheibriados
 11086 | D:8      | Noticed Prince Ribbit
 11265 | D:8      | Found a shimmering blue altar of Sif Muna.
 11282 | D:8      | Killed Prince Ribbit
 11695 | D:8      | Got a shimmering cloak
 11708 | D:8      | Identified the +2 cloak "Paejir" {rN+ Str+2} (You found it
                  | on level 8 of the Dungeon)
 11979 | D:9      | Found a glowing golden altar of the Shining One.
 12029 | D:9      | Reached skill level 5 in Spellcasting
 12595 | D:9      | Found Yvvanoag's Magic Scroll Emporium.
 12599 | D:9      | Bought a scroll of remove curse for 39 gold pieces
 12774 | D:9      | Reached skill level 6 in Axes
 13006 | D:9      | Reached skill level 10 in Poison Magic
 13142 | D:10     | Entered Level 10 of the Dungeon
 13143 | D:10     | Noticed Maurice
 13181 | D:10     | Reached XP level 11. HP: 97/98 MP: 14/19
 13802 | D:9      | Reached skill level 10 in Axes
 13802 | D:9      | Reached XP level 12. HP: 70/106 MP: 16/21
 13807 | D:9      | Killed Maurice
 13978 | D:10     | Reached ****** piety under Cheibriados
 14008 | D:10     | Reached skill level 11 in Axes
 14818 | D:10     | Found a staircase to the Lair.
 15428 | D:11     | Noticed Urug
 15452 | D:10     | Slain by a gargoyle

Levels and vault maps discovered:
D:1:      shiori_arrival_whats_in_store_for_you, layout_loops_corners
D:2:      layout_loops_ring, uniq_terence
D:3:      layout_loops_ring, old_standard_altar, old_standard_altar,
          first_ration, kennysheep_jessica_study, uniq_sigmund
D:4:      layout_basic, kennysheep_little_box, zin_statuary,
          chequers_temple_overflow_minitemple, minmay_temple_entry_from_below_b,
          feat_on_display
D:5:      layout_basic, lemuel_crystal_altar, overflow_temple_1_default,
          enter_ossuary_4, serial_shops, shop, st_stairs_10, uniq_ijyb
D:6:      layout_rooms, nicolae_evil_shop, uniq_blork_the_orc, uniq_grinder,
          uniq_crazy_yiuf_cottage
D:7:      layout_loops_ring, serial_shops, nicolae_shop_overgrown_old_shop,
          grunt_livestock
D:8:      layout_loops_corners, old_standard_altar, uniq_prince_ribbit1
D:9:      layout_rooms, lemuel_round_altar, serial_shops, shop_scrolls
D:10:     layout_cave_pools, lair_entry_dummy, uniq_maurice
D:11:     layout_cave_pools, uniq_urug

Skill      XL: |  1  2  3  4  5  6  7  8  9 10 11 12 |
---------------+-------------------------------------+-----
Dodging        | 2 3 |  3.0
Conjurations   | 2 3 4 6 7 |  7.4
Fighting       | 1 2 3 4 5 6 7 |  7.0
Axes           | 1 2 3 5 6 10 11 | 11.0
Poison Magic   | 5 6 7 9 10 | 10.5
Spellcasting   | 3 4 5 6 |  6.4
Invocations    | 1 3 5 6 |  6.9
Air Magic      | 2 |  2.0
Stealth        | |  3.0

Action                   |  1- 3 |  4- 6 |  7- 9 | 10-12 || total
-------------------------+-------+-------+-------+-------++-------
Melee: Unarmed           |    14 |       |       |       ||    14
       Dagger            |    39 |    23 |       |       ||    62
       Hand axe          |       |    39 |    38 |       ||    77
       War axe           |       |       |   309 |   282 ||   591
       Morningstar       |       |       |       |     7 ||     7
 Cast: Sting             |    62 |    68 |   138 |   132 ||   400
       Poisonous Vapours |       |     7 |    27 |     6 ||    40
       Olgreb's Toxic Ra |       |       |     2 |    20 ||    22
 Abil: Spit Poison       |     2 |     4 |     6 |     2 ||    14
  Use: Potion            |       |     2 |     4 |     5 ||    11
       Scroll            |       |       |    12 |       ||    12
 Stab: Sleeping          |       |       |     3 |     3 ||     6
  Eat: Chunk             |     2 |     3 |    15 |    13 ||    33
       Ration            |       |     1 |       |       ||     1
Armor: Robe              |     9 |    19 |    82 |    40 ||   150
       Skin              |       |       |    22 |       ||    22
       Leather armour    |       |       |       |    75 ||    75
Dodge: Dodged            |    45 |    63 |   273 |   363 ||   744

Table legend:
 A = Non-vault XP
 B = Vault XP
 C = Vault XP percentage of total XP
 D = Non-vault monster count
 E = Vault monster count
 F = Vault count percentage of total count
                 A         B        C        D         E       F
            +---------+---------+-------+---------+---------+-------
      Total |   11663 |    1923 |  14.2 |     299 |      38 |  11.3
            +---------+---------+-------+---------+---------+-------
        D:1 |      33 |       0 |   0.0 |      21 |       0 |   0.0
        D:2 |      82 |      36 |  30.5 |      30 |       1 |   3.2
        D:3 |     282 |     262 |  48.2 |      35 |       3 |   7.9
        D:4 |     172 |       0 |   0.0 |       8 |       0 |   0.0
        D:5 |     506 |      51 |   9.2 |      28 |       6 |  17.6
        D:6 |     933 |      42 |   4.3 |      33 |       1 |   2.9
        D:7 |    2175 |       0 |   0.0 |      46 |       0 |   0.0
        D:8 |    1246 |     264 |  17.5 |      36 |       1 |   2.7
        D:9 |    2676 |     457 |  14.6 |      21 |       1 |   4.5
       D:10 |    2598 |       0 |   0.0 |      31 |       0 |   0.0
       D:11 |     960 |       0 |   0.0 |      10 |       0 |   0.0
    Ossuary |       0 |     811 | 100.0 |       0 |      25 | 100.0
            +---------+---------+-------+---------+---------+-------
